 Dungeon Crawl Stone Soup version 0.26-a0-660-gc07710193c (webtiles) character file.

Game seed: 4564252955626956214

0 tom967 the Sneak (level 1, -2/17 HPs)
             Began as a Vampire Delver on Oct 8, 2020.
             Killed from afar by a white imp (9 damage)
             ... with a puff of frost
             ... on level 5 of the Dungeon.
             The game lasted 00:03:36 (148 turns).

tom967 the Sneak (Vampire Delver)                    Turns: 148, Time: 00:03:37

Health: -2/17      AC:  3    Str: 11    XL:     1   Next: 8%
Magic:  1/1        EV: 12    Int: 12    God:
Gold:   18         SH:  0    Dex: 15    Spells: 0/0 levels left

rFire    . . .     SeeInvis +   a - +0 short sword
rCold    . . .     Faith    .   (no shield)
rNeg     . . .     Spirit   .   b - +0 leather armour
rPois    .         Reflect  .   (no helmet)
rElec    .         Harm     .   (no cloak)
rCorr    .         Rampage  .   (no gloves)
MR       .....                  (no boots)
Stlth    +++.......             (no amulet)
HPRegen  0.25/turn              (no ring)
MPRegen  0.07/turn              (no ring)

@: regenerating quickly
A: fangs 3, see invisible, unbreathing
a: Exsanguinate


You were on level 5 of the Dungeon.
You visited 1 branch of the dungeon, and saw 1 of its levels.

You collected 18 gold pieces.

Inventory:

Hand Weapons
 a - a +0 short sword (weapon)
Missiles
 h - 25 stones (quivered)
Armour
 b - a +0 leather armour (worn)
Wands
 g - a wand of digging (3)
Scrolls
 c - a scroll of fog
 d - a scroll of magic mapping
 e - a scroll of fear
 i - a scroll of identify {unknown}


   Skills:
 * Level 2.6 Fighting
 * Level 2.1 Short Blades
 + Level 2.1 Dodging
 + Level 7.3 Stealth


You couldn't memorise any spells.
You didn't know any spells.
Your spell library was empty.

Dungeon Overview and Level Annotations

Branches:
Dungeon (5/15)
 Temple: D:4-7

Altars:


Innate Abilities, Weirdness & Mutations

Your natural rate of healing is unusually fast.
You have razor-sharp teeth.
You have supernaturally acute eyesight. (SInv)
You can survive without breathing.


Message History

The worker ant closely misses you.
The orc priest miscasts a cantrip.
The orc wizard casts a cantrip, but nothing happens.
The bullfrog skeleton misses you.
You feel less confused. The worker ant barely misses you.
A white imp comes into view.
The worker ant misses you.
Found 21 stones.
The orc wizard gestures wildly while chanting.
The orc wizard flickers and vanishes for a moment.
The white imp barely misses you.
The orc priest invokes the aid of Beogh against you.
You barely resist.
The orc priest calls down the wrath of Beogh upon you.
Pain shoots through your body! The white imp gestures at you.
The puff of frost hits you!
Ouch! That really hurt!
You die...

................#..#..
........................
..............o...#..#.#
............o.....#..# .
...........o.o....#..#
..................#..#
...........Z......#..#
........5...o.....#..###
.......@.B........#.....
......(...........#.####
..................#.....
..$...............######
....<.............. ..
..................####.#
..................##....
..................##....
................##....


You could see a worker ant, 2 orc priests, 2 orc wizards, a white imp, an orc
and a bullfrog skeleton.

Vanquished Creatures
  A frilled lizard (D:5)
1 creature vanquished.

Notes
Turn   | Place    | Note
-------+----------+-------------------------------------------
     0 | D:5      | tom967 the Vampire Delver began the quest for the Orb.
     0 | D:5      | Reached XP level 1. HP: 17/17 MP: 1/1
   107 | D:5      | Noticed a sky beast
   130 | D:5      | Noticed an orc priest
   130 | D:5      | Noticed an orc wizard
   130 | D:5      | Noticed an orc wizard
   130 | D:5      | Noticed an orc priest
   131 | D:5      | Noticed an orc wizard
   133 | D:5      | Noticed a worker ant
   148 | D:5      | Killed from afar by a white imp

Illustrated notes

Levels and vault maps discovered:
D:5:      layout_basic

Action                   || total
-------------------------++-------
Melee: Short sword       ||     8
  Use: Potion            ||     1
Armor: Leather armour    ||     1
Dodge: Dodged            ||    13

Table legend: (Time is in decaauts)
 A = Elapsed time spent in this place.
 B = Non-inter-level travel time spent in this place.
 C = Inter-level travel time spent in this place.
 D = Time resting spent in this place.
 E = Time spent auto-exploring this place.
 F = Levels seen in this place.
 G = Mean time per level.
                   A        B        C        D        E       F      G
               +--------+--------+--------+--------+--------+-----+--------+
         Total |    130 |     89 |     41 |      0 |     17 |   1 |  130.0 |
       Dungeon |    130 |     89 |     41 |      0 |     17 |   1 |  130.0 |
               +--------+--------+--------+--------+--------+-----+--------+

Top non-repeatable levels by time:
     D:5: 130 daAuts
